 Dungeon Crawl Stone Soup version 0.28.0-43-g3370ac3207 (webtiles) character file.

Game seed: 7508321023617469492

119 jimonade the Changer (level 5, -3/40 HPs)
             Began as a Gnoll Wanderer on Mar 19, 2022.
             Slain by a gnoll sergeant
             ... wielding a +1 vorpal trident
              (8 damage)
             ... on level 3 of the Dungeon.
             The game lasted 00:09:03 (2855 turns).

jimonade the Changer (Gnoll Wanderer)               Turns: 2855, Time: 00:09:04

Health: -3/40      AC:  4    Str:  9    XL:     5   Next: 3%
Magic:  9/12       EV: 12    Int: 14    God:
Gold:   117        SH:  0    Dex: 13    Spells: 12/14 levels left

rFire   . . .      SeeInvis .   a - +0 quarterstaff
rCold   . . .      Faith    .   (shield currently unavailable)
rNeg    + . .      Spirit   .   i - +0 leather armour
rPois   .          Reflect  .   (helmet currently unavailable)
rElec   .          Harm     .   (no cloak)
rCorr   .          Rampage  .   b - +0 pair of gloves
Will    .....                   (boots currently unavailable)
Stlth   +.........              (no amulet)
HPRegen 0.13/turn               g - ring of positive energy
MPRegen 0.13/turn               (no ring)

@: appendages (expiring), very slightly contaminated
A: horns 2, talons 2, fangs 1, strong nose, distributed training
a: End Transformation


You were on level 3 of the Dungeon.
You had temporarily grown beastly horns and talons.
You visited 1 branch of the dungeon, and saw 3 of its levels.

You collected 117 gold pieces.

Inventory:

Hand Weapons
 a - a +0 quarterstaff (weapon)
Missiles
 k - 31 stones
 m - 27 arrows
Armour
 b - a +0 pair of gloves (worn)
 c - a +0 robe
 h - a +0 pair of boots (melded)
 i - a +0 leather armour (worn)
Jewellery
 g - a ring of positive energy (left hand)
Scrolls
 d - a scroll of identify
 e - 2 scrolls of teleportation
 j - a scroll of fog {unknown}
 o - a scroll of magic mapping {unknown}
Potions
 f - a potion of lignification
 l - a potion of might
 n - a potion of curing


   Skills:
 + Level 2.8 Fighting
 + Level 1.3 Short Blades
 + Level 1.3 Long Blades
 + Level 1.3 Axes
 + Level 1.3 Maces & Flails
 + Level 1.3 Polearms
 + Level 2.8 Staves
 + Level 1.3 Slings
 + Level 1.3 Bows
 + Level 1.3 Crossbows
 + Level 2.8 Throwing
 + Level 2.8 Armour
 + Level 2.8 Dodging
 + Level 1.3 Stealth
 + Level 1.3 Shields
 + Level 1.3 Unarmed Combat
 + Level 5.1 Spellcasting
 + Level 1.0 Conjurations
 + Level 1.0 Hexes
 + Level 1.0 Summonings
 + Level 1.0 Necromancy
 + Level 1.0 Translocations
 + Level 5.5 Transmutations
 + Level 1.0 Fire Magic
 + Level 1.0 Ice Magic
 + Level 1.0 Air Magic
 + Level 1.0 Earth Magic
 + Level 1.0 Poison Magic
 + Level 1.4 Invocations
 + Level 1.3 Evocations


You had 12 spell levels left.
You knew the following spells:

 Your Spells              Type           Power      Damage    Failure   Level
a - Beastly Appendage     Tmut           38%        N/A       2%          1
b - Sting                 Tmut/Pois      48%        1d5       6%          1

Your spell library contained the following spells:

 Spells                   Type           Power      Damage    Failure   Level
 Passwall                 Tmut/Erth      10%        N/A       9%          2


Dungeon Overview and Level Annotations

Branches:
Dungeon (3/15)

Altars:

Shops:
D:2 (


Innate Abilities, Weirdness & Mutations

You have temporarily grown beastly horns and talons.
You have very sharp teeth.
Your uncanny sense of smell can sniff out nearby items.
Your experience applies equally to all skills.


Message History

You climb downwards.
There is a stone staircase leading up here.
Casting: Beastly Appendage (safe; 2% risk of failure)
Confirm with . or Enter, or press ? or * to list all spells.
Okay, then.
Unknown command.
Unknown command.
Unknown command.
Casting: Beastly Appendage (safe; 2% risk of failure)
Confirm with . or Enter, or press ? or * to list all spells.
You grow a pair of large bovine horns.
Your feet morph into talons.
Your +0 pair of boots melds into your body.
Your transformation is almost over.
Casting: Beastly Appendage (safe; 2% risk of failure)
Confirm with . or Enter, or press ? or * to list all spells.
Aiming: Sting (safe; 6% risk of failure)
Press: ? - help, Shift-Dir - straight line, f - gnoll sergeant
Aim: a gnoll sergeant, wielding a +1 vorpal trident, wearing a +0 scale mail and wearing a +0 buckler (79% to hit)
You miscast Sting.
You are very lightly contaminated with residual magic.
Nothing appears to happen.
Casting: Sting (safe; 6% risk of failure)
Confirm with . or Enter, or press ? or * to list all spells.
Aiming: Sting (safe; 6% risk of failure)
Press: ? - help, Shift-Dir - straight line, f/p - gnoll sergeant
Aim: a gnoll sergeant, wielding a +1 vorpal trident, wearing a +0 scale mail and wearing a +0 buckler (79% to hit)
The sting hits the gnoll sergeant but does no damage.
The gnoll sergeant is poisoned.
The gnoll sergeant hits you from afar with a +1 vorpal trident!
The gnoll sergeant closely misses you.
You closely miss the gnoll sergeant.
The gnoll sergeant is lightly wounded.
The gnoll sergeant hits you with a +1 vorpal trident!
The gnoll hits you from afar with a +0 halberd!
* * * LOW HITPOINT WARNING * * *
You hit the gnoll sergeant. The gnoll sergeant blocks your attack.
You headbutt the gnoll sergeant, but do no damage.
The gnoll sergeant is lightly wounded.
The gnoll sergeant hits you with a +1 vorpal trident!
You die...

#.#.....+........+
#.#>#####.......##
#.#.# #.......# #.#'##
#.......# #....#
######### #....# #....#
####<# #####@# ##...#g#
#....gg# ############
#.....)#####.......##..
#......'.g.g.......'...
#......#####.......#...
#......# #.......#...
#......#♣♣♣♣♣♣♣♣.......
###..##♣♣.8_8..♣♣......


You could see a gnoll sergeant (poisoned) and 2 gnolls.

Vanquished Creatures
  Natasha (D:3)
  A gnoll (D:2)
  2 adders (D:2)
  5 dart slugs
  5 endoplasms
  2 giant cockroaches (D:2)
  3 hobgoblins
  3 jackals (D:2)
  A quokka (D:2)
  8 ball pythons
  7 bats
  5 frilled lizards
  6 goblins
  3 kobolds (D:3)
  7 rats
59 creatures vanquished.

Notes
Turn   | Place    | Note
-------+----------+-------------------------------------------
     0 | D:1      | jimonade the Gnoll Wanderer began the quest for the Orb.
     0 | D:1      | jimonade set off with the following items: a +0
                  | quarterstaff, a +0 pair of gloves, a +0 robe; and the
                  | following spells available to memorise: Beastly Appendage,
                  | Sting, Passwall
     0 | D:1      | Reached XP level 1. HP: 17/17 MP: 6/6
     2 | D:1      | Learned a level 1 spell: Beastly Appendage
     4 | D:1      | Learned a level 1 spell: Sting
   124 | D:1      | Reached XP level 2. HP: 21/23 MP: 1/7
   736 | D:1      | Reached XP level 3. HP: 28/28 MP: 9/9
   742 | D:1      | Reached skill level 5 in Spellcasting
   853 | D:2      | Found Asouxt's Weapon Emporium.
   959 | D:2      | Reached skill level 1 in Invocations
  1207 | D:2      | Reached skill level 1 in Short Blades
  1207 | D:2      | Reached skill level 1 in Long Blades
  1207 | D:2      | Reached skill level 1 in Axes
  1207 | D:2      | Reached skill level 1 in Maces & Flails
  1207 | D:2      | Reached skill level 1 in Polearms
  1207 | D:2      | Reached skill level 1 in Slings
  1207 | D:2      | Reached skill level 1 in Bows
  1207 | D:2      | Reached skill level 1 in Crossbows
  1207 | D:2      | Reached skill level 1 in Stealth
  1207 | D:2      | Reached skill level 1 in Shields
  1207 | D:2      | Reached skill level 1 in Unarmed Combat
  1207 | D:2      | Reached skill level 1 in Evocations
  1218 | D:2      | Reached XP level 4. HP: 27/34 MP: 8/11
  1933 | D:3      | Found a faded altar of an unknown god.
  1981 | D:3      | Noticed Natasha
  1994 | D:3      | Killed Natasha
  1995 | D:3      | Reached skill level 1 in Conjurations
  1995 | D:3      | Reached skill level 1 in Hexes
  1995 | D:3      | Reached skill level 1 in Summonings
  1995 | D:3      | Reached skill level 1 in Necromancy
  1995 | D:3      | Reached skill level 1 in Translocations
  1995 | D:3      | Reached skill level 1 in Fire Magic
  1995 | D:3      | Reached skill level 1 in Ice Magic
  1995 | D:3      | Reached skill level 1 in Air Magic
  1995 | D:3      | Reached skill level 1 in Earth Magic
  1995 | D:3      | Reached skill level 1 in Poison Magic
  2491 | D:3      | Noticed a gnoll sergeant
  2563 | D:2      | Reached XP level 5. HP: 16/40 MP: 12/12
  2855 | D:3      | Slain by a gnoll sergeant

Illustrated notes

Levels and vault maps discovered:
D:1:      amcnicky_arrival_choice, layout_rooms
D:2:      layout_loops_ring, serial_shops, nicolae_shop_bloodbath_and_beyond
D:3:      layout_basic, shapermc_ecumenical_altar_totnotflames, uniq_natasha

Skill      XL: |  1  2  3  4 |
---------------+-------------+-----
Spellcasting   | 5 |  5.1
Invocations    | 1 |  1.4
Short Blades   | 1 |  1.3
Long Blades    | 1 |  1.3
Axes           | 1 |  1.3
Maces & Flails | 1 |  1.3
Polearms       | 1 |  1.3
Slings         | 1 |  1.3
Bows           | 1 |  1.3
Crossbows      | 1 |  1.3
Stealth        | 1 |  1.3
Shields        | 1 |  1.3
Unarmed Combat | 1 |  1.3
Evocations     | 1 |  1.3
Conjurations   | 1 |  1.0
Hexes          | 1 |  1.0
Summonings     | 1 |  1.0
Necromancy     | 1 |  1.0
Translocations | 1 |  1.0
Fire Magic     | 1 |  1.0
Ice Magic      | 1 |  1.0
Air Magic      | 1 |  1.0
Earth Magic    | 1 |  1.0
Poison Magic   | 1 |  1.0
Fighting       | |  2.8
Staves         | |  2.8
Throwing       | |  2.8
Armour         | |  2.8
Dodging        | |  2.8
Transmutations | |  5.5

Action                   |  1- 3 |  4- 6 || total
-------------------------+-------+-------++-------
Melee: Quarterstaff      |    51 |    83 ||   134
       Bite              |     3 |     4 ||     7
       Kick              |       |     3 ||     3
       Headbutt          |       |     2 ||     2
 Cast: Sting             |    34 |     3 ||    37
       Beastly Appendage |       |     7 ||     7
  Use: Scroll            |     1 |     3 ||     4
 Stab: Sleeping          |     2 |       ||     2
Armor: Robe              |    22 |       ||    22
       Leather armour    |       |    18 ||    18
Dodge: Dodged            |    43 |    53 ||    96
